[ AOE2 MATCH · #513756262 ]
UnrankedSlavs vs Byzantines
Player's team · LOSS
[ REPLAY ANALYSIS · EXTRACTED FROM THE RECORDED GAME ]
Feudal
9:16
Castle
22:54
Imperial
—
| APM avg | 51.1 |
| APM peak | 93 |
| eAPM avg | 16.4 |
| Villagers / military | 51 / 21 |
Focus
⚔️ 29.2% · 🌾 70.8%
Archer ×10 · Scout Cavalry ×8 · Boyar ×3
Feudal
9:00
Castle
27:17
Imperial
—
| APM avg | 63.6 |
| APM peak | 125 |
| eAPM avg | 31.2 |
| Villagers / military | 52 / 31 |
Focus
⚔️ 36.2% · 🌾 63.8%
Archer ×11 · Spearman ×11 · Militia ×7 · Camel Scout ×1 · Cavalry Archer ×1
Match map
Initial resources + every placement click. Lines = walls · curves = elevation contours. ◆ gold · ⬟ stone · ● berries · ✦ relic · ◌ wall gap
Your base· Open — unwalled flank
幼稚园园草's base· Open — unwalled flank
Smoothed initial terrain · ◌ = detected wall gap · hover for details
Inputs per minute
— ClockWork - - 幼稚园园草
Build order — ClockWork
142 actions detected in the replay
| 0:02 | Queue | Villager (Male) |
| 0:02 | Queue | Villager (Male) |
| 0:02 | Build | House |
| 0:04 | Build | House |
| 0:09 | Queue | Villager (Male) |
| 0:18 | Queue | Villager (Male) |
| 1:22 | Queue | Villager (Male) |
| 2:05 | Queue | Villager (Male) |
| 2:05 | Queue | Villager (Male) |
| 2:10 | Build | Lumber Camp |
| 2:30 | Queue | Villager (Male) |
| 2:47 | Queue | Villager (Male) |
| 3:12 | Queue | Villager (Male) |
| 3:51 | Build | House |
| 3:59 | Queue | Villager (Male) |
| 3:59 | Queue | Villager (Male) |
| 4:39 | Build | Mill |
| 4:45 | Queue | Villager (Male) |
| 5:09 | Queue | Villager (Male) |
| 5:10 | Queue | Villager (Male) |
| 5:11 | Build | House |
| 5:43 | Queue | Villager (Male) |
| 6:24 | Research | Loom |
| 6:33 | Research | Feudal Age |
| 6:50 | Build | Palisade Wall |
| 7:14 | Build | Palisade Wall |
| 7:18 | Build | Palisade Wall |
| 8:04 | Build | Barracks |
| 8:05 | Queue | Villager (Male) |
| 9:07 | Build | House |
| 9:16 | Age | Feudal Age |
| 9:20 | Build | Stable |
| 9:32 | Build | Watch Tower |
| 9:47 | Build | House |
| 9:52 | Build | Palisade Wall |
| 9:56 | Build | Farm |
| 9:57 | Queue | Villager (Male) |
| 10:00 | Queue | Scout Cavalry |
| 10:00 | Queue | Scout Cavalry |
| 10:02 | Queue | Villager (Male) |
| 10:08 | Build | Palisade Wall |
| 10:22 | Build | Palisade Wall |
| 10:29 | Queue | Scout Cavalry |
| 10:50 | Queue | Scout Cavalry |
| 10:52 | Build | Farm |
| 10:52 | Queue | Villager (Male) |
| 10:53 | Queue | Villager (Male) |
| 11:15 | Build | Farm |
| 11:16 | Queue | Villager (Male) |
| 11:50 | Build | Archery Range |
| 12:02 | Queue | Villager (Male) |
| 12:15 | Queue | Scout Cavalry |
| 12:16 | Queue | Villager (Male) |
| 12:39 | Queue | Villager (Male) |
| 12:44 | Queue | Archer |
| 12:50 | Build | House |
| 12:51 | Queue | Villager (Male) |
| 12:54 | Build | Mining Camp |
| 12:59 | Build | Mining Camp |
| 13:15 | Queue | Villager (Male) |
| 13:32 | Build | Farm |
| 13:34 | Build | Farm |
| 13:36 | Build | Farm |
| 13:48 | Queue | Villager (Male) |
| 13:55 | Build | House |
| 14:03 | Queue | Villager (Male) |
| 14:04 | Queue | Archer |
| 14:14 | Build | Farm |
| 14:41 | Queue | Villager (Male) |
| 14:46 | Queue | Archer |
| 14:48 | Build | Farm |
| 14:53 | Queue | Archer |
| 14:56 | Build | Outpost |
| 15:06 | Queue | Scout Cavalry |
| 15:09 | Build | Farm |
| 15:16 | Build | House |
| 15:37 | Queue | Villager (Male) |
| 15:50 | Queue | Archer |
| 15:52 | Queue | Scout Cavalry |
| 15:56 | Build | Farm |
| 15:57 | Queue | Villager (Male) |
| 15:58 | Build | House |
| 16:22 | Build | Farm |
| 16:23 | Queue | Villager (Male) |
| 16:30 | Queue | Archer |
| 16:30 | Queue | Archer |
| 16:53 | Queue | Archer |
| 16:54 | Queue | Villager (Male) |
| 17:06 | Research | Double-Bit Axe |
| 17:20 | Queue | Villager (Male) |
| 18:01 | Build | Farm |
| 18:04 | Build | Market |
| 18:20 | Queue | Scout Cavalry |
| 18:21 | Queue | Archer |
| 18:34 | Queue | Villager (Male) |
| 18:34 | Queue | Villager (Male) |
| 19:07 | Build | Farm |
| 19:15 | Queue | Villager (Male) |
| 19:39 | Queue | Villager (Male) |
| 19:41 | Build | Mining Camp |
| 20:00 | Queue | Archer |
| 20:08 | Research | Castle Age |
| 20:35 | Build | Blacksmith |
| 20:36 | Queue | Villager (Male) |
| 21:29 | Build | Lumber Camp |
| 21:40 | Build | House |
| 21:43 | Build | House |
| 21:49 | Build | Palisade Wall |
| 22:10 | Build | House |
| 22:12 | Build | Palisade Wall |
| 22:16 | Build | Palisade Wall |
| 22:33 | Research | Fletching |
| 22:54 | Age | Castle Age |
| 22:58 | Build | Castle |
| 23:11 | Build | Farm |
| 23:30 | Build | Watch Tower |
| 23:32 | Build | House |
| 23:45 | Queue | Villager (Male) |
| 24:11 | Queue | Villager (Male) |
| 24:13 | Build | Farm |
| 24:39 | Queue | Boyar |
| 25:08 | Queue | Boyar |
| 25:19 | Queue | Villager (Male) |
| 25:23 | Build | Town Center |
| 25:48 | Queue | Villager (Male) |
| 26:07 | Queue | Villager (Male) |
| 26:09 | Build | Farm |
| 26:22 | Queue | Villager (Male) |
| 26:22 | Queue | Villager (Male) |
| 26:24 | Build | Farm |
| 26:26 | Build | Farm |
| 26:43 | Build | Farm |
| 26:44 | Queue | Villager (Male) |
| 26:45 | Build | Farm |
| 26:57 | Build | Farm |
| 27:05 | Queue | Villager (Male) |
| 27:18 | Build | Farm |
| 27:22 | Build | Farm |
| 27:24 | Queue | Boyar |
| 27:49 | Queue | Villager (Male) |
| 27:56 | Queue | Villager (Male) |
| 28:05 | Build | Siege Workshop |
Build order — 幼稚园园草
145 actions detected in the replay
| 0:01 | Queue | Villager (Male) ×4 |
| 0:02 | Build | House |
| 0:02 | Build | House |
| 1:24 | Queue | Villager (Male) |
| 1:24 | Queue | Villager (Male) |
| 1:50 | Queue | Villager (Male) |
| 1:50 | Queue | Villager (Male) |
| 2:11 | Queue | Villager (Male) |
| 2:52 | Queue | Villager (Male) ×2 |
| 2:52 | Queue | Villager (Male) ×2 |
| 3:08 | Build | House |
| 3:24 | Queue | Villager (Male) |
| 3:38 | Build | Lumber Camp |
| 4:00 | Queue | Villager (Male) ×3 |
| 4:00 | Queue | Villager (Male) ×3 |
| 4:35 | Research | Loom |
| 4:42 | Queue | Villager (Male) |
| 5:13 | Research | Loom |
| 5:14 | Research | Loom |
| 5:39 | Queue | Villager (Male) |
| 5:40 | Research | Loom |
| 6:13 | Build | Barracks |
| 6:40 | Build | House |
| 6:50 | Research | Feudal Age |
| 6:50 | Research | Feudal Age |
| 6:50 | Research | Feudal Age |
| 6:59 | Queue | Militia |
| 6:59 | Queue | Militia |
| 7:19 | Queue | Militia |
| 7:19 | Queue | Militia |
| 7:37 | Queue | Militia |
| 7:46 | Build | House |
| 7:48 | Build | Palisade Wall |
| 7:59 | Build | Mill |
| 8:01 | Queue | Militia |
| 8:01 | Queue | Militia |
| 8:33 | Queue | Villager (Male) |
| 8:57 | Build | Palisade Wall |
| 9:00 | Age | Feudal Age |
| 9:08 | Build | Watch Tower |
| 9:10 | Research | Man-at-Arms (upgrade) |
| 9:17 | Build | Mining Camp |
| 9:25 | Build | Watch Tower |
| 9:34 | Queue | Villager (Male) |
| 9:49 | Queue | Spearman |
| 10:21 | Queue | Villager (Male) |
| 10:31 | Build | Lumber Camp |
| 10:33 | Queue | Villager (Male) |
| 10:49 | Queue | Villager (Male) |
| 10:49 | Queue | Villager (Male) |
| 11:29 | Build | Watch Tower |
| 11:32 | Queue | Spearman |
| 11:32 | Queue | Spearman |
| 11:48 | Build | Blacksmith |
| 12:02 | Queue | Spearman |
| 12:14 | Queue | Villager (Male) |
| 12:22 | Build | House |
| 12:47 | Research | Double-Bit Axe |
| 12:47 | Research | Double-Bit Axe |
| 12:56 | Queue | Spearman |
| 13:07 | Build | House |
| 13:41 | Research | Fletching |
| 13:41 | Research | Fletching |
| 14:00 | Build | Farm |
| 14:02 | Build | Mining Camp |
| 14:04 | Queue | Spearman |
| 14:05 | Queue | Spearman |
| 14:17 | Queue | Villager (Male) |
| 14:28 | Queue | Spearman |
| 14:29 | Queue | Spearman |
| 14:53 | Queue | Villager (Male) |
| 14:54 | Queue | Spearman |
| 15:15 | Build | House |
| 15:18 | Queue | Spearman |
| 15:28 | Queue | Villager (Male) |
| 15:28 | Queue | Villager (Male) |
| 15:39 | Build | Watch Tower |
| 15:42 | Build | Watch Tower |
| 15:52 | Queue | Villager (Male) |
| 16:07 | Queue | Villager (Male) |
| 16:32 | Queue | Villager (Male) |
| 16:32 | Queue | Villager (Male) |
| 16:50 | Queue | Villager (Male) |
| 16:53 | Build | Archery Range |
| 17:07 | Build | Farm |
| 17:12 | Build | Farm |
| 17:14 | Build | Farm |
| 17:51 | Build | Palisade Gate |
| 18:04 | Queue | Villager (Male) |
| 18:31 | Queue | Villager (Male) |
| 18:32 | Queue | Villager (Male) |
| 18:36 | Build | Farm |
| 18:36 | Queue | Archer |
| 18:37 | Queue | Archer |
| 18:37 | Build | Farm |
| 18:48 | Queue | Archer |
| 19:05 | Build | House |
| 19:22 | Queue | Archer |
| 19:26 | Queue | Villager (Male) |
| 19:40 | Queue | Archer |
| 19:49 | Build | Watch Tower |
| 19:51 | Queue | Villager (Male) |
| 19:57 | Queue | Archer |
| 20:07 | Build | Farm |
| 20:07 | Build | Farm |
| 20:18 | Queue | Archer |
| 20:25 | Build | Farm |
| 20:49 | Queue | Archer |
| 20:58 | Queue | Archer |
| 21:08 | Build | Watch Tower |
| 21:12 | Queue | Villager (Male) |
| 21:16 | Queue | Archer |
| 21:18 | Research | Horse Collar |
| 21:36 | Queue | Villager (Male) |
| 21:46 | Build | Market |
| 22:04 | Build | Watch Tower |
| 22:30 | Queue | Villager (Male) |
| 22:30 | Queue | Villager (Male) |
| 22:42 | Queue | Archer |
| 23:02 | Queue | Villager (Male) |
| 23:10 | Build | House |
| 23:20 | Build | Mining Camp |
| 23:59 | Build | Farm |
| 24:01 | Build | Farm |
| 24:19 | Build | Farm |
| 24:21 | Build | Farm |
| 24:37 | Research | Castle Age |
| 25:04 | Build | Stable |
| 25:26 | Queue | Villager (Male) |
| 25:58 | Queue | Villager (Male) |
| 26:16 | Build | Watch Tower |
| 26:31 | Build | House |
| 26:31 | Build | House |
| 26:32 | Build | House |
| 26:39 | Build | Watch Tower |
| 27:17 | Age | Castle Age |
| 27:19 | Research | Crossbowman (upgrade) |
| 27:19 | Research | Bodkin Arrow |
| 27:20 | Research | Bodkin Arrow |
| 27:20 | Queue | Villager (Male) |
| 27:22 | Queue | Camel Scout |
| 27:45 | Build | Mining Camp |
| 27:50 | Queue | Cavalry Archer |
| 27:54 | Queue | Villager (Male) |
| 28:15 | Build | Watch Tower |
Match timeline
| 6:13 | 幼稚园园草 · first_building Barracks |
| 6:50 | ClockWork · wall_segment Palisade Wall x6 |
| 7:14 | ClockWork · wall_segment Palisade Wall x2 |
| 7:18 | ClockWork · wall_segment Palisade Wall x14 |
| 7:48 | 幼稚园园草 · wall_segment Palisade Wall x5 |
| 8:04 | ClockWork · first_building Barracks |
| 8:57 | 幼稚园园草 · wall_segment Palisade Wall x1 |
| 9:00 | 幼稚园园草 · age_up feudal |
| 9:16 | ClockWork · age_up feudal |
| 9:20 | ClockWork · first_building Stable |
| 9:52 | ClockWork · wall_segment Palisade Wall x3 |
| 10:08 | ClockWork · wall_segment Palisade Wall x4 |
| 10:22 | ClockWork · wall_segment Palisade Wall x1 |
| 11:50 | ClockWork · first_building Archery Range |
| 16:53 | 幼稚园园草 · first_building Archery Range |
| 19:04 | ClockWork · first_market_buy 100 food |
| 21:49 | ClockWork · wall_segment Palisade Wall x1 |
| 22:12 | ClockWork · wall_segment Palisade Wall x1 |
| 22:16 | ClockWork · wall_segment Palisade Wall x1 |
| 22:54 | ClockWork · age_up castle |
| 22:58 | ClockWork · first_building Castle |
| 23:20 | ClockWork · first_market_sell 100 food |
| 23:25 | 幼稚园园草 · first_market_sell 500 wood |
| 23:26 | 幼稚园园草 · first_market_buy 100 food |
| 25:04 | 幼稚园园草 · first_building Stable |
| 27:17 | 幼稚园园草 · age_up castle |
| 28:05 | ClockWork · first_building Siege Workshop |
| 28:16 | ClockWork · resign |
[ AI ANALYSIS · 1 CREDIT ]
What really happened in this match?
Wolo.gg analyzes every decision: build order, eco, micro, common mistakes by bracket. Personalized analysis on WhatsApp or Discord in 30 seconds.
Civ guide
Slavs
Perfil
Jugador #326263